 Dungeon Crawl Stone Soup version 0.18-a0-382-gd7addec (webtiles) character file.

651 Ordine the Transmogrifier (level 7, -6/51 HPs)
             Began as an Octopode Transmuter on Nov 30, 2015.
             Killed from afar by Yendor's ghost (17 damage)
             ... with a shard of ice
             ... on level 7 of the Dungeon.
             The game lasted 00:15:21 (4428 turns).

Ordine the Transmogrifier (Octopode Transmuter)     Turns: 4428, Time: 00:15:22

Health: -6/51      AC:  8    Str:  7 (10) XL:     7   Next: 53%
Magic:  7/10       EV: 15    Int: 17      God:
Gold:   254        SH:  0    Dex: 17      Spells: 3 memorised, 2 levels left

rFire  x . .     SeeInvis .       - Unarmed
rCold  + + +     Clarity  .     (shield currently unavailable)
rNeg   . . .     SustAt   .     (helmet currently unavailable)
rPois  +         Gourm    .     (no amulet)
rElec  .         Spirit   .     i - ring of wizardry
rCorr  .         Warding  .     r - +2 ring of protection
rMut   .         Stasis   .     (no ring)
MR     .....                    (no ring)
Stlth  +++.......               (no ring)
                                (no ring)
                                (no ring)
                                (no ring)

@: agile, ice-form, very slightly contaminated, invisible, not resistant to
hostile enchantments, fairly stealthy
A: almost no armour, amphibious, 8 rings, (constrict 8), (camouflage 0),
(gelatinous body 0)
a: End Transformation


You were on level 7 of the Dungeon.
You were not hungry.
You were a creature of crystalline ice.
You visited 1 branch of the dungeon, and saw 5 of its levels.

You collected 254 gold pieces.

Inventory:

Jewellery
 i - a ring of wizardry (left front paw)
 r - a +2 ring of protection (right front paw)
Wands
 s - a wand of digging (24)
Scrolls
 d - 4 scrolls of remove curse
 e - a scroll of fear
 f - a scroll of enchant armour
Potions
 g - a potion of brilliance
 h - a potion of lignification
 j - 3 potions of mutation
 k - a potion of cancellation
 n - 2 potions of curing
 o - a potion of agility
Books
 b - a book of Changes

   Spells                             Type                      Level
   a - Beastly Appendage              Transmutation                1
   b - Sticks to Snakes               Transmutation                2
   c - Spider Form                    Transmutation/Poison         3
   d - Ice Form                       Ice/Transmutation            4
   e - Blade Hands                    Transmutation                5
Comestibles
 a - a royal jelly
 c - 4 bread rations
 l - 3 meat rations
 q - a beef jerky
 t - 4 chunks of flesh


   Skills:
 - Level 1.0 Fighting
 - Level 2.0 Dodging
 - Level 3.0 Unarmed Combat
 - Level 2.0 Spellcasting
 + Level 8.2 Transmutations


You had 2 spell levels left.
You knew the following spells:

 Your Spells              Type           Power        Failure   Level  Hunger
a - Beastly Appendage     Trmt           ####..       1%          1    #......
b - Spider Form           Trmt/Pois      ###.......   4%          3    ###....
c - Ice Form              Ice/Trmt       ###.....     16%         4    #####..


Dungeon Overview and Level Annotations

Branches:
Dungeon (7/15)
 Temple: D:4-7

Altars:
Nemelex Xobeh
Sif Muna
Vehumet

Shops:
D:7 [

Annotations:
D:7 Yendor's ghost, novice DEIE


Innate Abilities, Weirdness & Mutations

You cannot wear most types of armour.
You are amphibious.
You can wear up to eight rings at the same time.
((You can use your tentacles to constrict eight enemies at once.))
((Your skin changes colour to match your surroundings (Stealth).))
((Your rubbery body absorbs attacks (AC +1).))


Message History

The shard of ice hits you! You partially resist.
* * * LOW HITPOINT WARNING * * *
Drink which item? (? for menu, Esc to quit)
You feel better. Yendor's ghost hits you.
* * * LOW HITPOINT WARNING * * *
Drink which item? (? for menu, Esc to quit)
It was a potion of degeneration.
There was something very wrong with that liquid.
You feel weakened. Yendor's ghost barely misses you.
Drink which item? (? for menu, Esc to quit)
It was a potion of invisibility.
You fade into invisibility!
Yendor's ghost misses you.
You are very lightly contaminated with residual magic.
Found a sharpened brass wand and a robe.
Found a chain mail.
Yendor's ghost gestures at something while chanting.
The shard of ice hits you! You partially resist.
You die...

#≈.##.# ##..
#≈....##...## ..
#≈...........
≈##.##≈...........
.≈≈≈≈≈≈≈......<[...
.............../...
............(...###
...........Y.......
................#..
#........W.........
#.....#........#..
#####.∩##........
#()).##.....###
##†#####..........
#....#
#.[..........
#....# #...........


You could see Yendor's ghost.

Vanquished Creatures
  An ogre (D:7)
  A big kobold (D:7)
  A scorpion (D:4)
  3 orc wizards (D:4)
  A giant frog skeleton (D:7)
  2 hounds
  An iguana (D:4)
  2 worker ants (D:4)
  Robin (D:3)
  6 gnolls
  3 adders
  An ooze (D:1)
  2 worms (D:2)
  2 giant geckos (D:2)
  4 orcs
  3 ball pythons
  3 bats (D:1)
  4 giant cockroaches
  25 goblins
  9 hobgoblins
  4 jackals (D:2)
  9 kobolds
  A ball python skeleton (D:4)
  4 giant newts
  5 quokkas
  9 rats
107 creatures vanquished.

Notes
Turn   | Place    | Note
--------------------------------------------------------------
     0 | D:1      | Ordine the Octopode Transmuter began the quest for the Orb.
     0 | D:1      | Reached XP level 1. HP: 13/13 MP: 3/3
   267 | D:1      | Reached XP level 2. HP: 9/18 MP: 5/5
   693 | D:1      | Reached XP level 3. HP: 21/23 MP: 6/6
   776 | D:1      | Learned a level 3 spell: Spider Form
  1424 | D:2      | Reached skill level 4 in Transmutations
  1621 | D:2      | Reached XP level 4. HP: 7/28 MP: 7/7
  2751 | D:3      | Reached skill level 5 in Transmutations
  2753 | D:3      | Reached XP level 5. HP: 33/33 MP: 5/8
  2783 | D:3      | Found a radiant altar of Vehumet.
  2789 | D:3      | Learned a level 4 spell: Ice Form
  2828 | D:3      | Noticed Robin
  2836 | D:3      | Killed Robin
  3432 | D:4      | Reached skill level 6 in Transmutations
  3432 | D:4      | Reached XP level 6. HP: 28/38 MP: 9/9
  3851 | D:4      | Reached skill level 7 in Transmutations
  4080 | D:4      | Found a deep blue altar of Sif Muna.
  4193 | D:4      | Found a sparkling altar of Nemelex Xobeh.
  4193 | D:4      | You fall through a shaft for 3 floors!
  4208 | D:7      | Reached XP level 7. HP: 20/43 MP: 7/10
  4354 | D:7      | Found Fytseiheag's Armour Emporium.
  4362 | D:7      | Reached skill level 8 in Transmutations
  4417 | D:7      | Noticed Yendor's ghost (novice DEIE)
  4428 | D:7      | Killed from afar by Yendor's ghost

Vault maps used:
D:1:      dpeg_arrival_rooms_c, minmay_circled_x
D:2:      eino_tiny_chamber, due_unseen_surprise
D:3:      lemuel_round_altar, first_bread, nicolae_underground_beach, uniq_robin
D:4:      nicolae_overflow_crystal_walls, nemelex_spade_bored_becter
D:7:      lemuel_coloured_pillars_altar, minmay_temple_entry_statues,
          enter_bailey_3, serial_shops, shop, minmay_gold_behind_fungi

Action                   |  1- 3 |  4- 6 |  7- 9 || total
-------------------------+-------+-------+-------++-------
Melee: Unarmed           |    91 |   171 |    32 ||   294
 Cast: Beastly Appendage |     2 |       |       ||     2
       Spider Form       |     1 |     6 |     2 ||     9
       Ice Form          |       |     2 |     1 ||     3
 Abil: End Transformatio |     1 |       |       ||     1
Evoke: Wand              |       |     1 |       ||     1
  Use: Scroll            |     6 |    10 |       ||    16
       Potion            |       |     3 |     4 ||     7
 Stab: Sleeping          |     3 |     5 |       ||     8
  Eat: Chunk             |     3 |     9 |     1 ||    13
